[Event "Titled Tuesday Blitz February 15 Early 2022"]
[White "Qashashvili, Alexandre"]
[Black "Bettalli, Francesco"]
[WhiteFideId "13600842"]
[BlackFideId "2816453"]
[WhiteElo "2316"]
[BlackElo "2216"]
[Result "1/2-1/2"]
[Round "06"]
[TimeControl "180+1"]
[Date "2022.02.15"]
[WhiteClock "0:00:47"]
[BlackClock "0:01:16"]

1. e4 e5 2. Nf3 Nf6 3. Nc3 Bc5 4. Bc4 O-O 5. d3 d6 6. Bg5 h6 7. Bh4 c6 8. O-O Nbd7 9. h3 Re8 10. Ne2 Nf8 11. c3 g5 12. Bg3 Ng6 13. Qd2 Nf4 14. Nxf4 exf4 15. Bh2 Be6 16. Bxe6 fxe6 17. d4 Bb6 18. e5 Ne4 19. Qd3 d5 20. Nd2 Nxd2 21. Qxd2 Rf8 22. f3 c5 23. Kh1 Qe7 24. Bg1 h5 25. dxc5 Bxc5 26. Bxc5 Qxc5 27. Qd4 Rac8 28. Rac1 Rc6 29. Rfd1 Rfc8 30. h4 Qxd4 31. Rxd4 Rc4 32. Rcd1 Kf7 33. hxg5 Kg6 34. b3 Rxd4 35. Rxd4 Kxg5 36. c4 Rc5 37. cxd5 Rxd5 38. Rc4 Rxe5 39. Rc7 Re2 40. Rxb7 Rxa2 41. Kh2 e5 42. Kh3 Ra1 43. Kh2 h4 44. Re7 Kf6 45. Rh7 Ra3 46. b4 Ra4 47. b5 Ra5 48. b6 axb6 49. Rh6+ Kg5 50. Rxb6 Rd5 51. Rb8 Rd1 52. Re8 Kf6 53. Rh8 Kg5 54. Re8 Re1 55. Rg8+ Kh5 56. Rh8+ Kg5 57. Rg8+ Kf5 58. Rh8 e4 59. fxe4+ Rxe4 60. Rxh4 Re2 61. Rh8 Kg5 62. Rg8+ Kf6 63. Rf8+ Kg5 64. Kh3 Re1 65. Rg8+ Kf5 66. Rf8+ Kg5 67. Rg8+ Kh5 68. Rh8+ Kg6 69. Rf8 Kg5 1/2-1/2


[Site "https://www.chess.com"]

[Event "Titled Tuesday Blitz February 15 Early 2022"]
[White "Rakhimgaliyev, Yerlan"]
[Black "Shevtchenko, Olesya"]
[WhiteFideId "13705148"]
[BlackFideId "24131890"]
[WhiteElo "2261"]
[BlackElo "2003"]
[Result "1-0"]
[Round "06"]
[TimeControl "180+1"]
[Date "2022.02.15"]
[WhiteClock "0:01:49"]
[BlackClock "0:00:49"]

1. e4 c5 2. Nf3 Nc6 3. c3 Nf6 4. e5 Nd5 5. d4 cxd4 6. Bc4 Nb6 7. Bb3 d5 8. exd6 Qxd6 9. O-O Be6 10. Na3 Bxb3 11. axb3 e6 12. Nb5 Qd8 13. Bf4 Nd5 14. Bg3 a6 15. Nbxd4 Nxd4 16. Qxd4 Qb6 17. Qa4+ Qc6 18. Qxc6+ bxc6 19. b4 Be7 20. Ne5 c5 21. b5 f6 22. Nc6 Kf7 23. bxa6 Rhc8 24. Nxe7 Kxe7 25. Rfd1 Rc6 26. a7 c4 27. Bb8 Nb6 28. Ra6 1-0


[Site "https://www.chess.com"]

[Event "Titled Tuesday Blitz February 15 Early 2022"]
[White "Ratnakaran, K."]
[Black "Kopylov, Alexander A."]
[WhiteFideId "5005507"]
[BlackFideId "4164857"]
[WhiteElo "2391"]
[BlackElo "2436"]
[Result "0-1"]
[Round "06"]
[TimeControl "180+1"]
[Date "2022.02.15"]
[WhiteClock "0:00:34"]
[BlackClock "0:00:21"]

1. e4 c6 2. Nf3 d5 3. Nc3 dxe4 4. Nxe4 Nf6 5. Ng3 g6 6. d4 Bg7 7. c3 O-O 8. h4 Bg4 9. Be2 Nbd7 10. Be3 Bxf3 11. Bxf3 e5 12. h5 exd4 13. cxd4 Qa5+ 14. Kf1 Rfe8 15. hxg6 hxg6 16. Kg1 Qc7 17. Qc1 Rxe3 18. Qxe3 Re8 19. Qg5 Qb6 20. d5 Qxb2 21. Rd1 Re5 22. Qc1 Qxc1 23. Rxc1 Nxd5 24. Rh4 N7b6 25. Re4 Kf8 26. Rxe5 Bxe5 27. Ne4 Ke7 28. Nc5 Bd4 29. Nxb7 Kd7 30. Na5 c5 31. Nb3 Kd6 32. Rd1 Bc3 33. Nc1 c4 34. Ne2 Be5 35. Bxd5 Nxd5 36. f4 Bb2 37. f5 Kc5 38. fxg6 fxg6 39. Kf2 c3 40. Nd4 Nb4 41. Nb3+ Kb5 42. Rd7 a5 43. Rb7+ Ka4 44. Ra7 Nxa2 45. Nxa5 c2 46. Nc4+ Kb3 47. Nxb2 c1=Q 48. Rb7+ Ka3 49. Nd3 Qd2+ 50. Kg1 Qxd3 0-1


[Site "https://www.chess.com"]

[Event "Titled Tuesday Blitz February 15 Early 2022"]
[White "Redzisz, Michal"]
[Black "Rodchenkov, Sergey D."]
[WhiteFideId "21816107"]
[BlackFideId "4168712"]
[WhiteElo "1961"]
[BlackElo "2306"]
[Result "0-1"]
[Round "06"]
[TimeControl "180+1"]
[Date "2022.02.15"]
[WhiteClock "0:00:04"]
[BlackClock "0:00:04"]

1. c4 e5 2. Nc3 Nf6 3. g3 c6 4. Bg2 Bb4 5. Nf3 e4 6. Nd4 Bxc3 7. dxc3 h6 8. O-O O-O 9. c5 a5 10. Qc2 Re8 11. Bf4 Na6 12. Bd6 Nc7 13. b4 Ncd5 14. a3 a4 15. Rad1 b5 16. cxb6 Nxb6 17. c4 Ba6 18. b5 cxb5 19. cxb5 Rc8 20. Qb1 Bb7 21. Nf5 Bd5 22. Ne3 Bb3 23. Rd4 Nc4 24. Nxc4 Bxc4 25. Bxe4 Bxe2 26. Re1 Nxe4 27. Rxe4 Rxe4 28. Qxe4 Bxb5 29. Qe7 Qxe7 30. Bxe7 Bc4 31. Bd6 Rc6 32. Rd1 Be6 33. Kg2 h5 34. h4 Kh7 35. Rd2 Kg6 36. Kf3 Rc3+ 37. Kg2 Rb3 38. f3 Bc4 39. Kf2 Bb5 40. Rd4 Bc6 41. Rf4 f6 42. g4 Rd3 43. Bf8 Kf7 44. Bb4 hxg4 45. fxg4 Rb3 46. g5 Bd5 47. gxf6 gxf6 48. h5 Rh3 49. Rf5 Bc6 50. Bc5 Ke6 51. Rf4 Rxh5 52. Bd4 f5 53. Bc5 Rh2+ 54. Ke3 Rc2 55. Bb4 Be4 56. Rh4 d5 57. Rh6+ Kf7 58. Rh7+ Kg6 59. Rd7 Rb2 60. Rd6+ Kg5 61. Bc3 f4+ 62. Kd4 Rb3 63. Bb4 f3 64. Rd8 f2 65. Rg8+ Kh6 66. Rf8 Rf3 67. Rh8+ Kg7 68. Ra8 f1=Q 0-1


[Site "https://www.chess.com"]

[Event "Titled Tuesday Blitz February 15 Early 2022"]
[White "Rodchenkov, Vitaly"]
[Black "Nguyen Hong Nhung"]
[WhiteFideId "4152964"]
[BlackFideId "12412201"]
[WhiteElo "2337"]
[BlackElo "1661"]
[Result "0-1"]
[Round "06"]
[TimeControl "180+1"]
[Date "2022.02.15"]
[WhiteClock "0:00:01"]
[BlackClock "0:00:06"]

1. Nf3 f5 2. c4 Nf6 3. Nc3 g6 4. d3 Bg7 5. Bg5 O-O 6. g3 d6 7. Bg2 Nc6 8. O-O h6 9. Bxf6 Bxf6 10. Rb1 e5 11. Nd2 Be6 12. Nd5 Bg7 13. b4 Qd7 14. b5 Nd8 15. a4 g5 16. a5 c6 17. bxc6 bxc6 18. Nb4 f4 19. Ne4 Rc8 20. Qa4 Nf7 21. a6 Rfd8 22. Rfc1 Rc7 23. Nc3 Rdc8 24. Rc2 Bh3 25. Ne4 Bxg2 26. Kxg2 Nd8 27. f3 fxg3 28. hxg3 Ne6 29. Qa3 g4 30. fxg4 Nd4 31. Rcb2 d5 32. cxd5 cxd5 33. Nf2 Kh7 34. Qa2 Rc5 35. e3 Nb5 36. Rc2 Nc3 37. Rxc3 Rxc3 38. Qxd5 Qa4 39. Qe4+ Kh8 40. Nd5 Qxe4+ 41. dxe4 Ra3 42. Rb2 Rxa6 43. Nd3 Ra4 44. Nf2 Rac4 45. Kh3 Rc2 46. Rxc2 Rxc2 47. Nd3 Rc4 48. g5 Rxe4 49. g6 Ra4 50. e4 Rxe4 51. Nc5 Rd4 52. Ne7 a5 53. Nf5 Rd5 54. Ne6 Bf6 55. g7+ Kh7 56. Ne7 Bxe7 0-1


[Site "https://www.chess.com"]

[Event "Titled Tuesday Blitz February 15 Early 2022"]
[White "Rosenberg, Evan S"]
[Black "Tsyhanchuk, Stanislav"]
[WhiteFideId "2019299"]
[BlackFideId "13505130"]
[WhiteElo "2342"]
[BlackElo "2078"]
[Result "1-0"]
[Round "06"]
[TimeControl "180+1"]
[Date "2022.02.15"]
[WhiteClock "0:00:12"]
[BlackClock "0:00:21"]

1. Nf3 Nf6 2. c4 c6 3. d4 d5 4. cxd5 cxd5 5. Nc3 Nc6 6. Bf4 a6 7. e3 Bf5 8. Be2 e6 9. O-O Bb4 10. Rc1 O-O 11. a3 Bd6 12. Bg5 h6 13. Bh4 Be7 14. Na4 Ne4 15. Bxe7 Qxe7 16. Nb6 Rad8 17. Bd3 Bg4 18. Be2 Qc7 19. Na4 Qa5 20. Nc5 Nxc5 21. Rxc5 Qb6 22. b4 f5 23. Qc2 f4 24. b5 axb5 25. Bxb5 Bxf3 26. gxf3 Ne7 27. Bd3 Nf5 28. Bxf5 Rxf5 29. e4 Rg5+ 30. Kh1 Qd6 31. e5 Qe7 32. Rc7 Qe8 33. Rg1 Rxg1+ 34. Kxg1 Qh5 35. Kg2 Qg5+ 36. Kf1 Qh5 37. Ke2 b5 38. Qc6 Qf5 39. Rc8 Rxc8 40. Qxc8+ Kh7 41. Qc3 Qb1 42. Qd3+ Qxd3+ 43. Kxd3 Kg6 44. Kc3 Kf7 45. Kb4 Ke7 46. Kxb5 Kd7 47. Kb6 Kc8 48. Kc6 g5 49. Kd6 h5 50. Kxe6 g4 51. fxg4 hxg4 52. Kf5 g3 53. hxg3 fxg3 54. fxg3 Kb7 55. g4 1-0


[Site "https://www.chess.com"]

[Event "Titled Tuesday Blitz February 15 Early 2022"]
[White "Rostovtsev, Dmitry"]
[Black "Van Foreest, Jorden"]
[WhiteFideId "34278320"]
[BlackFideId "1039784"]
[WhiteElo "2218"]
[BlackElo "2609"]
[Result "1/2-1/2"]
[Round "06"]
[TimeControl "180+1"]
[Date "2022.02.15"]
[WhiteClock "0:00:07"]
[BlackClock "0:00:04"]

1. e4 c6 2. Nf3 d5 3. Nc3 Bg4 4. h3 Bxf3 5. Qxf3 e6 6. g3 Bc5 7. Bg2 Ne7 8. O-O O-O 9. Rd1 Nd7 10. d4 Bb6 11. Qe2 Ba5 12. Bd2 dxe4 13. Nxe4 Bxd2 14. Rxd2 a5 15. c4 a4 16. Rad1 Qa5 17. Nd6 Qb4 18. d5 cxd5 19. cxd5 e5 20. Nc4 Nf5 21. Nxe5 Rfe8 22. Qg4 Qxg4 23. Nxg4 Nd6 24. Ne3 Rac8 25. h4 g6 26. Rd4 b5 27. b3 axb3 28. axb3 Rc3 29. R4d3 Rec8 30. h5 Kg7 31. hxg6 hxg6 32. Bf1 Rxd3 33. Rxd3 Ne5 34. Rd1 Rc3 35. Rb1 Nf3+ 36. Kg2 Nd2 37. Rb2 N2e4 38. b4 Rc1 39. Bd3 Nc3 40. Rb3 Kf6 41. f4 Na4 42. Ra3 Rc3 43. Rxc3 Nxc3 44. Kf3 Na2 45. Nc2 Nc3 46. Nd4 Nxd5 47. Nxb5 Ne8 48. Be4 Nxb4 49. Nd4 Nd6 50. Ne2 Nc4 51. Nc3 Kg7 52. Nd5 Nc6 53. Nc3 Nd4+ 54. Kf2 Nd6 55. Bd3 Ne6 56. Ne4 Nb7 57. Bc4 Nd4 58. Ng5 Nd6 59. Bd5 Kf6 60. Ne4+ Nxe4+ 61. Bxe4 Ke6 62. Ke3 Nb5 63. Bd3 Nd6 64. g4 Kd5 65. Bc2 Nc4+ 66. Kf3 Kd4 67. g5 Nd2+ 68. Kg4 Ke3 69. f5 gxf5+ 70. Kxf5 Nf3 71. Kf6 Nxg5 72. Kxg5 f5 73. Kxf5 1/2-1/2


[Site "https://www.chess.com"]

[Event "Titled Tuesday Blitz February 15 Early 2022"]
[White "Rychagov, Andrey"]
[Black "Brunner, Nicolas"]
[WhiteFideId "4119932"]
[BlackFideId "620246"]
[WhiteElo "2500"]
[BlackElo "2372"]
[Result "1-0"]
[Round "06"]
[TimeControl "180+1"]
[Date "2022.02.15"]
[WhiteClock "0:02:11"]
[BlackClock "0:01:31"]

1. d4 d5 2. c4 e6 3. Nf3 Nf6 4. Nc3 Be7 5. Bf4 O-O 6. e3 c5 7. dxc5 Bxc5 8. Qc2 Nc6 9. Be2 d4 10. Rd1 Qa5 11. exd4 Nxd4 12. Nxd4 Bxd4 13. Rxd4 e5 14. b4 Qxb4 15. Bxe5 Bf5 16. Qxf5 Qxc3+ 17. Rd2 1-0


[Site "https://www.chess.com"]

[Event "Titled Tuesday Blitz February 15 Early 2022"]
[White "Sadhwani, Raunak"]
[Black "Csonka, Balazs"]
[WhiteFideId "35093487"]
[BlackFideId "742910"]
[WhiteElo "2616"]
[BlackElo "2404"]
[Result "1/2-1/2"]
[Round "06"]
[TimeControl "180+1"]
[Date "2022.02.15"]
[WhiteClock "0:00:13"]
[BlackClock "0:00:08"]

1. d4 Nf6 2. Nf3 d5 3. Bf4 Bf5 4. e3 e6 5. c4 Bxb1 6. Rxb1 Bb4+ 7. Ke2 dxc4 8. Qa4+ Nc6 9. Ne5 a5 10. Nxc6 Qd7 11. Rc1 Nd5 12. Rxc4 bxc6 13. g3 Ra6 14. Bg2 O-O 15. Rhc1 Nxf4+ 16. gxf4 Rb6 17. Bxc6 Qe7 18. R1c2 Qh4 19. Bf3 Bd6 20. Qxa5 Qxh2 21. b3 Qh4 22. Qh5 Qxh5 23. Bxh5 Ra8 24. Bf3 Ra7 25. Bc6 Kf8 26. Kf3 Ke7 27. e4 Kd8 28. e5 Be7 29. d5 exd5 30. Bxd5 f6 31. e6 f5 32. Bc6 Bd6 33. Bd7 Ke7 34. Rd2 h6 35. Rd1 g5 36. Rh1 Rxa2 37. Rxh6 Bxf4 38. Rh7+ Kf6 39. Rf7+ Kg6 40. e7 Bd6 41. e8=Q Rxb3+ 42. Kg2 Rg3+ 43. Kf1 Ra1+ 44. Ke2 Ra2+ 45. Kf1 Ra1+ 46. Qe1 Rg1+ 47. Kxg1 Rxe1+ 48. Kg2 Kxf7 49. Bxf5 Kf6 50. Be4 Rd1 51. Bf3 Re1 52. Ra4 Re5 53. Bg4 Rc5 54. Ra8 Rc3 55. Re8 Rc2 56. Re6+ Kf7 57. Re3 Rd2 58. Rf3+ Kg7 59. Bf5 Bc5 60. Be4 Rxf2+ 61. Rxf2 Bxf2 62. Kxf2 Kf6 63. Kf3 Ke5 64. Bc2 c5 65. Kg4 Kd4 66. Kxg5 Kc3 67. Bf5 c4 68. Kf4 Kd2 69. Ke5 c3 70. Kd4 c2 71. Bxc2 1/2-1/2


[Site "https://www.chess.com"]

[Event "Titled Tuesday Blitz February 15 Early 2022"]
[White "Safarli, Eltaj"]
[Black "Agibileg, Uurtsaikh"]
[WhiteFideId "13402129"]
[BlackFideId "4901606"]
[WhiteElo "2634"]
[BlackElo "2205"]
[Result "1-0"]
[Round "06"]
[TimeControl "180+1"]
[Date "2022.02.15"]
[WhiteClock "0:01:21"]
[BlackClock "0:00:38"]

1. e4 c5 2. Nc3 a6 3. g3 b5 4. Bg2 Bb7 5. d3 e6 6. Nh3 d5 7. O-O b4 8. exd5 bxc3 9. dxe6 Bxg2 10. exf7+ Kxf7 11. Ng5+ Kg6 12. Ne6 Qe7 13. Qg4+ Kf7 14. Ng5+ Kg6 15. Ne4+ Kf7 16. Kxg2 Qb7 17. Qf3+ Ke7 18. Bg5+ Nf6 19. Bxf6+ gxf6 20. Rae1 Kd8 21. Qxf6+ Qe7 22. Qxh8 Nd7 23. Nxc3 1-0


[Site "https://www.chess.com"]

[Event "Titled Tuesday Blitz February 15 Early 2022"]
[White "Saim, Mohamed Ilias"]
[Black "Petrova, Irina"]
[WhiteFideId "7900465"]
[BlackFideId "14124122"]
[WhiteElo "2006"]
[BlackElo "1988"]
[Result "0-1"]
[Round "06"]
[TimeControl "180+1"]
[Date "2022.02.15"]
[WhiteClock "0:00:01"]
[BlackClock "0:00:40"]

1. d4 d5 2. Nf3 Nf6 3. e3 c5 4. b3 cxd4 5. exd4 Nc6 6. Bd3 Bg4 7. Bb2 e6 8. a3 Bd6 9. Nbd2 O-O 10. O-O Rc8 11. Qe2 Bb8 12. h3 Bh5 13. Qe3 Nd7 14. Ne5 Ndxe5 15. dxe5 d4 16. Qe1 Nxe5 17. Be4 Bg6 18. Bxg6 Nxg6 19. Nf3 e5 20. Rc1 Qd6 21. Qe4 f5 22. Qe2 e4 23. Bxd4 exf3 24. Be5 Nxe5 25. Qxf3 Nxf3+ 0-1


[Site "https://www.chess.com"]

[Event "Titled Tuesday Blitz February 15 Early 2022"]
[White "Samadov, Read"]
[Black "Xiong, Jeffery"]
[WhiteFideId "13417444"]
[BlackFideId "2047640"]
[WhiteElo "2084"]
[BlackElo "2727"]
[Result "0-1"]
[Round "06"]
[TimeControl "180+1"]
[Date "2022.02.15"]
[WhiteClock "0:00:01"]
[BlackClock "0:00:12"]

1. d4 d5 2. c4 c6 3. Nf3 Nf6 4. g3 e6 5. Bg2 dxc4 6. O-O Nbd7 7. a4 Bb4 8. Qc2 O-O 9. Qxc4 a5 10. Bd2 Nb6 11. Qc2 Nbd5 12. Nc3 h6 13. Rfd1 Bd7 14. e4 Nc7 15. Ne5 Qe7 16. Be3 Rfd8 17. h3 c5 18. Nxd7 Rxd7 19. dxc5 Rad8 20. c6 bxc6 21. Rxd7 Nxd7 22. Na2 Bc5 23. Bxc5 Qxc5 24. Rc1 Na6 25. Qd2 Qb6 26. Rd1 Nac5 27. b4 axb4 28. Qxb4 Ra8 29. e5 Rxa4 30. Qxb6 Nxb6 31. Nc3 Rc4 32. Ne2 Nd5 33. Nd4 Nd7 34. Bf1 Rc3 35. Ne2 Ra3 36. Rc1 Nxe5 37. f4 Nf3+ 38. Kf2 Nd2 39. Bg2 Nb4 40. Ke1 Ra2 41. Rc3 Rb2 0-1


[Site "https://www.chess.com"]

[Event "Titled Tuesday Blitz February 15 Early 2022"]
[White "Samaganova, Aleksandra"]
[Black "Krylov, Ivan"]
[WhiteFideId "13800221"]
[BlackFideId "24128066"]
[WhiteElo "1859"]
[BlackElo "2258"]
[Result "1-0"]
[Round "06"]
[TimeControl "180+1"]
[Date "2022.02.15"]
[WhiteClock "0:00:09"]
[BlackClock "0:00:37"]

1. c4 e6 2. Nf3 d5 3. e3 Nf6 4. b3 Be7 5. Bb2 O-O 6. Be2 b6 7. O-O Bb7 8. d4 dxc4 9. bxc4 c5 10. Qc2 Qc7 11. Rd1 cxd4 12. exd4 Nc6 13. Nc3 Rfd8 14. a3 Rac8 15. Rac1 a6 16. d5 exd5 17. Nxd5 Nxd5 18. cxd5 Qb8 19. dxc6 Rxd1+ 20. Qxd1 Bxc6 21. Bxa6 Rc7 22. Be2 h6 23. h3 Qa7 24. Ne5 Ba4 25. Qd5 Rxc1+ 26. Bxc1 Be8 27. Bc4 Bxa3 28. Bxa3 Qxa3 29. Nxf7 Kf8 30. Ne5 Qa1+ 31. Kh2 Qe1 32. Qd6# 1-0


[Site "https://www.chess.com"]

[Event "Titled Tuesday Blitz February 15 Early 2022"]
[White "Samarth, J Rao"]
[Black "Urbina Quiroz, Edwin"]
[WhiteFideId "46652370"]
[BlackFideId "6500650"]
[WhiteElo "1514"]
[BlackElo "2130"]
[Result "1-0"]
[Round "06"]
[TimeControl "180+1"]
[Date "2022.02.15"]
[WhiteClock "0:01:26"]
[BlackClock "0:00:03"]

1. c4 e6 2. d4 d5 3. Nf3 Nf6 4. Bg5 Be7 5. e3 O-O 6. Nc3 b6 7. Bxf6 Bxf6 8. cxd5 exd5 9. Qc2 c5 10. O-O-O c4 11. e4 dxe4 12. Qxe4 Nc6 13. Qxc6 Bf5 14. Qd5 Qc8 15. Qxc4 Qb7 16. Qd5 Qc8 17. Bd3 Be6 18. Qe4 g6 19. Ne5 Bxa2 20. Qc6 Bxe5 21. Qxc8 Bf4+ 22. Kc2 Raxc8 23. Ra1 Bd5 24. Rxa7 Bxg2 25. Re1 Bxh2 26. Ree7 Bd6 27. Red7 Bb4 28. Kb3 Bxc3 29. bxc3 Bc6 30. Re7 Bd5+ 31. c4 Be6 32. d5 Bg4 33. Rab7 Rb8 34. Kb4 h5 35. Be4 h4 36. d6 Rfd8 37. Rbc7 Rxd6 38. Rxf7 Be6 39. Rg7+ Kf8 40. Rxg6 h3 41. Rf6+ Ke8 42. Rh6 1-0


[Site "https://www.chess.com"]

[Event "Titled Tuesday Blitz February 15 Early 2022"]
[White "Samunenkov, Ihor"]
[Black "Budrewicz, Krzysztof"]
[WhiteFideId "14187086"]
[BlackFideId "1127950"]
[WhiteElo "2406"]
[BlackElo "2248"]
[Result "0-1"]
[Round "06"]
[TimeControl "180+1"]
[Date "2022.02.15"]
[WhiteClock "0:00:01"]
[BlackClock "0:00:58"]

1. e4 g6 2. d4 Bg7 3. Nc3 c5 4. dxc5 Bxc3+ 5. bxc3 Nc6 6. Bc4 Nf6 7. Ne2 Qa5 8. Be3 O-O 9. f3 Rd8 10. O-O d6 11. cxd6 Rxd6 12. Qe1 e5 13. Qh4 Nh5 14. Rad1 Rxd1 15. Rxd1 Be6 16. Bxe6 fxe6 17. g4 Ng7 18. Rd7 Rd8 19. Rxd8+ Nxd8 20. Qe7 a6 21. Kf2 h5 22. h3 hxg4 23. hxg4 Nf7 24. Qxb7 Qxa2 25. Qb3 Qa1 26. Nc1 a5 27. Bd2 Nd6 28. Qa2 Qxa2 29. Nxa2 Nc4 30. Ke2 Kf7 31. Kd3 Nb2+ 32. Ke2 Ne8 33. Bc1 Nc4 34. Kd3 Ned6 35. Bg5 Ke8 36. Bf6 Kd7 37. Nc1 Kc6 38. Na2 Kb5 39. Be7 Ne8 40. g5 Nc7 41. Nc1 a4 42. Na2 Na6 43. Nb4 Nxb4+ 44. Bxb4 a3 45. Bxa3 Nxa3 46. c4+ Nxc4 47. Kc3 Kc5 48. Kd3 Nd6 49. Kc3 Nb5+ 50. Kd3 Nd4 51. f4 exf4 52. e5 f3 53. Ke3 Nxc2+ 54. Kxf3 Kd5 0-1


[Site "https://www.chess.com"]

[Event "Titled Tuesday Blitz February 15 Early 2022"]
[White "Sanal, Vahap"]
[Black "Rustemov, Alexander"]
[WhiteFideId "6300545"]
[BlackFideId "4119002"]
[WhiteElo "2603"]
[BlackElo "2790"]
[Result "1/2-1/2"]
[Round "06"]
[TimeControl "180+1"]
[Date "2022.02.15"]
[WhiteClock "0:00:06"]
[BlackClock "0:00:04"]

1. e4 e6 2. d4 d5 3. Nc3 Bb4 4. exd5 exd5 5. Bd3 Nc6 6. a3 Be7 7. Nf3 Bg4 8. Bb5 Nf6 9. h3 Bxf3 10. Qxf3 O-O 11. Be3 Na5 12. O-O c6 13. Bd3 Nc4 14. Bc1 Re8 15. b3 Nd6 16. Bf4 Qd7 17. Be5 Nfe4 18. Bxe4 Nxe4 19. Nxe4 dxe4 20. Qe3 f6 21. Bg3 Bd6 22. c4 Rad8 23. Rfd1 f5 24. d5 c5 25. Rab1 b6 26. Rf1 Qf7 27. Bxd6 Rxd6 28. Qf4 Qf6 29. b4 g5 30. Qd2 Rc8 31. f3 Qd4+ 32. Qxd4 cxd4 33. Rbc1 d3 34. Kf2 b5 35. cxb5 Rcd8 36. fxe4 fxe4 37. Ke3 Rxd5 38. Rcd1 Rxb5 39. Rf6 a5 40. bxa5 Rxa5 41. Re6 d2 42. Rxe4 Rxa3+ 43. Ke2 Rg3 44. Kf2 Rgd3 45. Ke2 h6 46. Rc4 Kf7 47. Rc2 Ke6 48. Rcxd2 Rxd2+ 49. Rxd2 Rxd2+ 50. Kxd2 Ke5 51. Ke3 h5 52. Kf3 Kf5 53. Ke3 h4 54. Kf3 Kf6 55. Ke3 Kf5 56. Kf3 Kf6 57. Ke4 Ke6 58. Ke3 Ke5 59. Kf3 Kf5 60. Ke3 g4 61. hxg4+ Kxg4 62. Kf2 Kf4 63. Kg1 Kg3 64. Kh1 h3 65. gxh3 Kxh3 1/2-1/2


[Site "https://www.chess.com"]

[Event "Titled Tuesday Blitz February 15 Early 2022"]
[White "Sarana, Alexey"]
[Black "Sjugirov, Sanan"]
[WhiteFideId "24133795"]
[BlackFideId "4189302"]
[WhiteElo "2665"]
[BlackElo "2602"]
[Result "1-0"]
[Round "06"]
[TimeControl "180+1"]
[Date "2022.02.15"]
[WhiteClock "0:00:22"]
[BlackClock "0:00:04"]

1. d4 d5 2. c4 e6 3. Nc3 Nf6 4. cxd5 exd5 5. Bg5 c6 6. e3 h6 7. Bf4 Bf5 8. Bd3 Bxd3 9. Qxd3 Bd6 10. Nge2 O-O 11. O-O Re8 12. Rab1 Bxf4 13. Nxf4 Nbd7 14. b4 b5 15. a4 a6 16. a5 Nf8 17. Rfc1 Ne6 18. Nce2 Qd6 19. Nxe6 Rxe6 20. Rc2 Ne4 21. Ng3 Nxg3 22. hxg3 Rd8 23. Rc5 Qe7 24. Rbc1 Rdd6 25. Qf5 g6 26. Qh3 Kg7 27. g4 Qg5 28. Qg3 h5 29. gxh5 Qxg3 30. fxg3 gxh5 31. R5c3 f5 32. Rf1 Kg6 33. Rf3 Kg5 34. Kh2 Re4 35. Rc1 Rf6 36. Rcf1 Ree6 37. Kh3 Re4 38. Rc1 Ree6 39. Rc3 Re4 40. Rf4 Ree6 41. Kh2 Re8 42. Kg1 Ree6 43. Kf2 Re8 44. Rh4 Re4 45. Kf3 Rfe6 46. Rf4 Kg6 47. Kf2 Kg5 48. Rf3 Kg6 49. Rc1 Kg5 50. Rh1 Kg6 51. Rh4 Kg5 52. Rhf4 Rf6 53. Rxe4 dxe4 54. Rf4 Kg6 55. Rh4 Rd6 56. Ke2 Kg5 57. Kd2 Kg6 58. Ke2 Kg5 59. Ke1 Kg6 60. Kf2 Kg5 61. Rh1 Kg6 62. Rc1 Kg5 63. Rc5 Kg4 64. Re5 h4 65. gxh4 f4 66. Rxe4 1-0


[Site "https://www.chess.com"]

[Event "Titled Tuesday Blitz February 15 Early 2022"]
[White "Sargsyan, Anna M."]
[Black "Avazkhonov, Alikhon"]
[WhiteFideId "13308130"]
[BlackFideId "14208504"]
[WhiteElo "2271"]
[BlackElo "1739"]
[Result "1-0"]
[Round "06"]
[TimeControl "180+1"]
[Date "2022.02.15"]
[WhiteClock "0:01:18"]
[BlackClock "0:00:08"]

1. d4 d5 2. c4 e6 3. Nc3 c6 4. e3 f5 5. f3 Nf6 6. Qc2 Bd6 7. Bd2 O-O 8. O-O-O a5 9. e4 Bb4 10. e5 Ne8 11. c5 Nd7 12. Bd3 b5 13. cxb6 Qxb6 14. Nge2 Nc7 15. Kb1 Ba6 16. Bxa6 Rxa6 17. g4 fxg4 18. fxg4 Rb8 19. Rhf1 Nb5 20. Nxb5 Qxb5 21. Bc1 a4 22. Nf4 a3 23. b3 c5 24. Qf2 Rf8 25. Qe2 c4 26. Nh5 Rb8 27. Qf2 Bf8 28. Qf7+ Kh8 29. Rf3 Rab6 30. Rdf1 cxb3 31. Qxf8+ 1-0


[Site "https://www.chess.com"]

[Event "Titled Tuesday Blitz February 15 Early 2022"]
[White "Sarkar, Justin"]
[Black "Kejzar, Petra"]
[WhiteFideId "2010011"]
[BlackFideId "14610213"]
[WhiteElo "2038"]
[BlackElo "2006"]
[Result "1-0"]
[Round "06"]
[TimeControl "180+1"]
[Date "2022.02.15"]
[WhiteClock "0:00:03"]
[BlackClock "0:00:01"]

1. e4 c5 2. Nf3 e6 3. d4 cxd4 4. Nxd4 Nf6 5. Nc3 d6 6. Be2 Be7 7. O-O O-O 8. Kh1 a6 9. f4 Qc7 10. a4 b6 11. Bf3 Bb7 12. e5 Nfd7 13. exd6 Bxd6 14. Ndb5 axb5 15. Nxb5 Bxf3 16. Qxf3 Qc6 17. Nxd6 Ra6 18. Qxc6 Nxc6 19. Be3 Rfa8 20. b3 Nb4 21. Rac1 Nd5 22. Bd2 N7f6 23. c4 Ne7 24. Bc3 Rd8 25. Bxf6 gxf6 26. Rfd1 Raa8 27. g3 f5 28. Kg2 Nd5 29. Nxf5 exf5 30. Rxd5 Re8 31. Rxf5 Re2+ 32. Kf3 Rxh2 33. Rb5 Rd8 34. Rc3 f5 35. Rxb6 Rd1 36. Rb8+ Kf7 37. Rb7+ Kg6 38. Rb6+ Kg7 39. c5 Rf1+ 40. Ke3 Rg2 41. Kd4 Rd2+ 42. Kc4 h5 43. c6 h4 44. c7 hxg3 45. Rxg3+ Kf7 46. Rc3 Rxf4+ 47. Kb5 Rd5+ 48. Ka6 1-0


[Site "https://www.chess.com"]

[Event "Titled Tuesday Blitz February 15 Early 2022"]
[White "Senthil Maran K"]
[Black "Willow, Jonah B"]
[WhiteFideId "25035681"]
[BlackFideId "438804"]
[WhiteElo "2194"]
[BlackElo "2261"]
[Result "0-1"]
[Round "06"]
[TimeControl "180+1"]
[Date "2022.02.15"]
[WhiteClock "0:00:19"]
[BlackClock "0:01:42"]

1. d4 Nf6 2. Nf3 e6 3. g3 c5 4. Bg2 Nc6 5. O-O cxd4 6. Nxd4 Bc5 7. Nb3 Be7 8. c4 O-O 9. Nc3 Na5 10. Nxa5 Qxa5 11. Qb3 a6 12. Be3 d6 13. Bb6 Qh5 14. Rad1 Bd7 15. Bc7 Ne8 16. Qxb7 Nxc7 17. Qxc7 Rad8 18. Bc6 Qc5 19. Qxd7 Rxd7 20. Bxd7 Qxc4 21. Ba4 d5 22. Bb3 Qc7 23. e4 dxe4 24. Nxe4 Qe5 25. Rfe1 Qxb2 26. Nd6 Bxd6 27. Rxd6 a5 28. Ra6 Qc3 29. Rd1 h5 30. Rd7 h4 31. Kg2 Qe5 32. Raa7 Qe4+ 33. Kh3 Qf5+ 34. Kg2 h3+ 35. Kg1 Qf3 0-1


[Site "https://www.chess.com"]

[Event "Titled Tuesday Blitz February 15 Early 2022"]
[White "Seo, Jung Min"]
[Black "Martinez Alcantara, Jose Eduardo"]
[WhiteFideId "1734687"]
[BlackFideId "3805662"]
[WhiteElo "2401"]
[BlackElo "2690"]
[Result "1/2-1/2"]
[Round "06"]
[TimeControl "180+1"]
[Date "2022.02.15"]
[WhiteClock "0:00:46"]
[BlackClock "0:00:10"]

1. d4 Nf6 2. c4 e6 3. Nf3 Bb4+ 4. Bd2 Qe7 5. e3 b6 6. Bxb4 Qxb4+ 7. Qd2 Qxd2+ 8. Nbxd2 Bb7 9. Bd3 c5 10. Rc1 Nc6 11. a3 d6 12. Ne4 Ke7 13. Nxf6 gxf6 14. Kd2 Rhg8 15. Rhg1 h6 16. Kc3 Nb8 17. e4 cxd4+ 18. Nxd4 Nd7 19. b4 a5 20. f4 Rgc8 21. g3 axb4+ 22. axb4 Ra3+ 23. Kd2 Ra4 24. Rb1 Ra2+ 25. Nc2 d5 26. exd5 exd5 27. cxd5 Bxd5 28. Ra1 Rca8 29. Rxa2 Rxa2 30. Kc3 Ra8 31. Re1+ Kf8 32. Ne3 Ra3+ 33. Kd2 Ra2+ 34. Kc3 Ra3+ 35. Kd2 Be6 36. Rc1 Rb3 37. Rc8+ Ke7 38. Nf5+ Bxf5 39. Bxf5 Rxb4 40. Rc7 Rd4+ 41. Ke3 Rd5 42. Ke4 Rd6 43. Rb7 Kd8 44. Bxd7 Rxd7 45. Rxb6 Ke7 46. Kf5 Rd5+ 47. Kg4 Rd2 48. h3 Rd5 49. Rb8 f5+ 50. Kh4 Kf6 51. Rb6+ Kg7 52. Rc6 Rd3 53. Rc5 Kg6 54. g4 fxg4 55. hxg4 Rd4 56. Rc6+ Kg7 57. Kg3 Rd3+ 58. Kf2 Ra3 59. Kg2 Rb3 60. Kf2 Ra3 61. Kg2 Ra4 62. Kf3 Ra1 63. Kg3 Rg1+ 64. Kf3 Rf1+ 65. Kg3 Rb1 66. Kf3 Rb3+ 67. Ke4 Rg3 68. Kf5 Ra3 69. g5 Ra5+ 70. Kg4 hxg5 71. fxg5 Ra4+ 72. Kh5 Ra1 73. Rc4 Rg1 74. Rh4 f5 75. gxf6+ Kxf6 76. Rf4+ Ke5 77. Rf2 Rg8 78. Kh4 Ke4 79. Rf7 Ke5 80. Rf1 Rh8+ 81. Kg5 Rg8+ 82. Kh4 Ke6 83. Kh5 Rh8+ 84. Kg4 Rh2 85. Kg3 1/2-1/2


[Site "https://www.chess.com"]